Map: Altitude LE

Players

tavo - Winner!

  • Race: Terran Terran
  • League: Grandmaster
  • Spawn Location: 1:00

VOD

Have the link to the VOD?

Description

Time

  • Played on: April 23, 2023, 7:03 p.m.
  • Length: 13:11
Show
View Real Time Build Order
Export as new Build Order

tavo Terran - Winner!

Build Orders: Reaper Expand 

Get SALT Encoding   

  12  0:02  SCV  
  12  0:14  SCV  
  12  0:18  Supply Depot  
  12  0:26  SCV  
  12  0:39  SCV  
  12  0:41  Barracks  
  12  0:44  Refinery  
  12  0:51  SCV  
  12  1:03  SCV  
  12  1:15  SCV  
  12  1:28  Orbital Command, Reaper  
  12  1:42  Command Center  
  12  1:52  Supply Depot  
  12  1:55  SCV  
  12  2:00  Marine  
  12  2:08  Factory  
  12  2:12  SCV  
  12  2:17  Refinery  
  12  2:22  Barracks Reactor  
  12  2:24  SCV  
  12  2:29  Bunker  
  12  2:36  SCV  
  12  2:48  SCV  
  12  2:52  Starport  
  12  2:55  Orbital Command  
  12  2:59  Widow Mine  
  12  3:03  SCV  
  12  3:06  Marine  
  12  3:09  Marine  
  12  3:15  SCV  
  12  3:21  SCV, Widow Mine  
  12  3:27  SCV  
  12  3:28  Medivac  
  12  3:32  Marine x2  
  12  3:34  SCV  
  12  3:38  Supply Depot  
  12  3:42  SCV  
  12  3:43  Factory Tech Lab  
  12  3:46  SCV  
  12  3:51  Marine x2  
  12  3:54  SCV  
  12  3:59  Starport Tech Lab  
  12  4:00  SCV  
  12  4:02  Siege Tank  
  12  4:04  Supply Depot  
  12  4:07  SCV  
  12  4:11  Barracks  
  12  4:12  SCV  
  12  4:18  Raven  
  12  4:23  Barracks  
  12  4:25  SCV x2, Marine x2  
  12  4:32  Supply Depot  
  12  4:37  SCV  
  12  4:40  SCV  
  12  4:43  Marine x2  
  12  4:49  Refinery  
  12  4:50  Engineering Bay  
  12  4:54  Siege Tank  
  12  4:57  Supply Depot  
  12  5:01  SCV x2, Marine x2  
  12  5:05  Stimpack, Marine  
  12  5:14  Refinery  
  12  5:18  Terran Infantry Weapons Level 1  
  12  5:19  SCV x2, Marine x2  
  12  5:22  Supply Depot  
  12  5:25  Supply Depot  
  12  5:30  Combat Shield, Marine  
  12  5:31  SCV, Marine  
  12  5:35  Starport Reactor  
  12  5:38  SCV  
  12  5:41  Factory Reactor  
  12  5:43  Marine x2  
  12  5:44  SCV  
  12  5:49  Command Center  
  12  5:50  SCV  
  12  5:52  Supply Depot  
  12  5:56  Marauder  
  12  5:57  Marauder  
  12  5:59  Supply Depot  
  12  6:01  SCV  
  12  6:03  Marine  
  12  6:04  Marine  
  12  6:06  SCV  
  12  6:12  Medivac x2  
  12  6:14  SCV  
  12  6:18  Widow Mine x2  
  12  6:21  SCV  
  12  6:22  Marauder  
  12  6:25  Marauder  
  12  6:27  Supply Depot  
  12  6:28  SCV  
  12  6:31  Supply Depot  
  12  6:34  SCV  
  12  6:37  Marine x2  
  12  6:40  Widow Mine  
  12  6:48  Medivac x2  
  12  6:49  Marauder x2  
  12  6:51  Concussive Shells  
  12  6:52  SCV x2  
  12  6:53  Widow Mine  
  12  7:01  Barracks  
  12  7:03  Barracks  
  12  7:07  SCV  
  12  7:08  SCV  
  12  7:12  Marauder x2, Marine x2  
  12  7:17  Widow Mine x2  
  12  7:19  SCV  
  12  7:20  SCV  
  12  7:27  Supply Depot  
  12  7:28  Terran Infantry Armor Level 1  
  12  7:29  Supply Depot  
  12  7:31  Orbital Command  
  12  7:32  SCV  
  12  7:35  Marine x2  
  12  7:36  SCV  
  12  7:44  SCV  
  12  7:46  Refinery  
  12  7:47  Refinery  
  12  7:49  SCV  
  12  7:50  Barracks Reactor, Ghost Academy  
  12  7:51  Barracks Tech Lab  
  12  7:52  Supply Depot  
  12  7:54  Supply Depot  
  12  7:56  SCV  
  12  7:59  SCV  
  12  8:01  SCV  
  12  8:03  Viking x2  
  12  8:09  Marine x2  
  12  8:12  SCV x2  
  12  8:13  Starport  
  12  8:17  SCV  
  12  8:18  Marauder x3  
  12  8:24  Factory Tech Lab  
  12  8:28  Marine x2  
  12  8:29  Marine x2  
  12  8:35  Command Center  
  12  8:37  Viking x2  
  12  8:51  Marauder x2  
  12  8:56  Viking x2  
  12  8:57  Supply Depot  
  12  9:01  Supply Depot x2  
  12  9:08  Barracks  
  12  9:09  Viking x2, Barracks  
  12  9:12  Barracks  
  12  9:36  Engineering Bay, Armory  
  12  9:40  Bunker  
  12  9:41  Missile Turret  
  12  9:42  Sensor Tower  
  12  9:44  Missile Turret  
  12  9:47  Unknown x2, Missile Turret  
  12  9:49  Planetary Fortress  
  12  9:54  SCV  
  12  9:55  SCV  
  12  9:56  Unknown  
  12  10:00  Barracks Tech Lab x2  
  12  10:01  Barracks Tech Lab  
  12  10:03  SCV  
  12  10:07  SCV x2  
  12  10:15  SCV  
  12  10:16  Unknown  
  12  10:19  SCV x2  
  12  10:22  Missile Turret  
  12  10:23  Terran Infantry Armor Level 2, Refinery, Terran Infantry Weapons Level 2  
  12  10:24  Terran Ship Weapons Level 1, Refinery  
  12  10:30  Missile Turret  
  12  10:32  Missile Turret  
  12  10:35  Unknown x2, Sensor Tower  
  12  11:02  Personal Cloaking  
  12  11:17  Missile Turret  
  12  11:19  Missile Turret  
  12  11:23  Missile Turret  
  12  11:28  Missile Turret  
  12  11:51  Command Center x2  
  12  12:04  Fusion Core  
Tags
 
Add a new tag
Caveats
  • Supply blocks, unpowered buildings, or Contaminate may cause inaccurate times.
  • Supply counts are checked every 10 seconds.